 Dungeon Crawl Stone Soup version 0.18-a0-1526-gcb34c7c (webtiles) character file.

69143 Arkorax the Black Belt (level 15, 0/120 HPs)
             Began as a Merfolk Monk on Mar 8, 2016.
             Was a High Priest of Ru.
             Slain by a vampire mosquito (6 damage)
             ... while paralysed by Rupert
             ... on level 15 of the Dungeon.
             The game lasted 00:45:42 (25945 turns).

Arkorax the Black Belt (Merfolk Monk)              Turns: 25945, Time: 00:45:42

Health: 0/120      AC:  9    Str: 11    XL:     15   Next: 28%
Magic:  12/22      EV:  2    Int: 12    God:    Ru [*****.]
Gold:   1451       SH:  0    Dex: 24    Spells: 3 memorised, 7 levels left

rFire  + . .     SeeInvis .       - Unarmed
rCold  + + .     Gourm    .     K - +0 robe {rC+ rF+}
rNeg   . . .     Faith    .     (shield unavailable)
rPois  .         Spirit   .     L - +2 hat
rElec  .         Dismiss  .     (no cloak)
rCorr  .         Reflect  .     e - +2 pair of gloves {Dex+3}
SustAt .         Harm     .     E - +0 pair of boots {Fly}
MR     +....                    a - amulet of regeneration
Stlth  ++........               s - ring of protection from cold
                                (ring unavailable)

@: paralysed, extremely horrified, very slightly contaminated, hasted, heavily
drained, somewhat resistant to hostile enchantments, unstealthy
A: change form in water, swift swim, rugged brown scales 1, missing a hand,
hated by all, cowardly
a: Sacrifice Words, Sacrifice Health, Sacrifice Essence, Reject Sacrifices, Draw
Out Power, Power Leap, Apocalypse, Renounce Religion, Evoke Flight


You were on level 15 of the Dungeon.
You worshipped Ru.
Ru was extremely pleased with you.
You were hungry.

You visited 3 branches of the dungeon, and saw 24 of its levels.
You also visited: Ice Cave.

You collected 1451 gold pieces.

Inventory:

Armour
 e - a +2 pair of gloves of dexterity (worn)
 E - a +0 pair of boots of flying (worn)
 K - a +0 robe of resistance (worn)
 L - a +2 hat (worn)
 Z - a +0 robe of magic resistance
Jewellery
 a - an amulet of regeneration (around neck)
 s - a ring of protection from cold (right hand)
 O - a cursed amulet of inaccuracy {unknown}
Wands
 g - a wand of flame (10/48)
 x - a wand of lightning (12/15)
 A - a wand of hasting (1/9)
 G - a wand of slowing (25/48)
 S - a wand of iceblast (9/15)
Scrolls
 p - 5 scrolls of magic mapping
 r - 4 scrolls of recharging
 v - 11 scrolls of remove curse
 z - a scroll of enchant weapon
 D - a scroll of holy word
 I - 4 scrolls of fear
 N - a scroll of fog
 W - 7 scrolls of identify
 X - a scroll of silence
Potions
 d - a potion of haste
 h - 9 potions of curing
 j - 5 potions of heal wounds {unknown}
 k - 6 potions of flight
 l - 3 potions of lignification
 m - a potion of berserk rage
 n - a potion of ambrosia
 o - 8 potions of brilliance
 t - 3 potions of cancellation
 C - 4 potions of agility
 J - 5 potions of might
 R - a potion of mutation
Books
 i - a book of the Sky

   Spells                             Type                      Level
   a - Summon Lightning Spire         Summoning/Air                4
   b - Airstrike                      Air                          4
   c - Silence                        Hexes/Air                    5
   d - Deflect Missiles               Charms/Air                   6
   e - Conjure Ball Lightning         Conjuration/Air              6
   f - Tornado                        Air                          9
 u - a book of the Dragon

   Spells                             Type                      Level
   a - Flame Tongue                   Conjuration/Fire             1
   b - Cause Fear                     Hexes                        4
   c - Bolt of Fire                   Conjuration/Fire             6
   d - Dragon Form                    Transmutation                7
   e - Dragon's Call                  Summoning                    9
 w - a book of Ice

   Spells                             Type                      Level
   a - Ice Form                       Ice/Transmutation            4
   b - Metabolic Englaciation         Hexes/Ice                    5
   c - Ozocubu's Refrigeration        Ice                          6
   d - Bolt of Cold                   Conjuration/Ice              6
   e - Freezing Cloud                 Conjuration/Ice/Air          6
   f - Simulacrum                     Ice/Necromancy               6
 y - a book of the Earth

   Spells                             Type                      Level
   a - Leda's Liquefaction            Hexes/Earth                  4
   b - Bolt of Magma                  Conjuration/Fire/Earth       5
   c - Statue Form                    Transmutation/Earth          6
   d - Iron Shot                      Conjuration/Earth            6
   e - Shatter                        Earth                        9
 H - a book of Party Tricks

   Spells                             Type                      Level
   a - Summon Butterflies             Summoning                    1
   b - Apportation                    Translocation                1
   c - Tukima's Dance                 Hexes                        3
   d - Alistair's Intoxication        Transmutation/Poison         5
   e - Invisibility                   Hexes                        6
 P - a book of Debilitation

   Spells                             Type                      Level
   a - Corona                         Hexes                        1
   b - Slow                           Hexes                        2
   c - Gell's Gravitas                Hexes/Translocation          3
   d - Inner Flame                    Hexes/Fire                   3
   e - Cause Fear                     Hexes                        4
   f - Leda's Liquefaction            Hexes/Earth                  4
 Q - a book of Dreams

   Spells                             Type                      Level
   a - Ensorcelled Hibernation        Hexes/Ice                    2
   b - Silence                        Hexes/Air                    5
   c - Darkness                       Hexes                        6
   d - Shadow Creatures               Summoning                    6
 U - a book of Power

   Spells                             Type                      Level
   a - Fulminant Prism                Conjuration/Hexes            4
   b - Iskenderun's Mystic Blast      Conjuration                  4
   c - Venom Bolt                     Conjuration/Poison           5
   d - Bolt of Magma                  Conjuration/Fire/Earth       5
   e - Iron Shot                      Conjuration/Earth            6
   f - Orb of Destruction             Conjuration                  7
   g - Spellforged Servitor           Conjuration/Summoning        7
Comestibles
 b - 4 bread rations
 c - 7 beef jerkies
 f - 6 meat rations
 B - 2 fruits
 F - 3 slices of pizza
 M - a royal jelly


   Skills:
 - Level 10.5(8.5) Fighting
 - Level 11.8(9.8) Dodging
 - Level 2.1(0.6) Stealth
 - Level 16.1(13.8) Unarmed Combat
 + Level 5.0(3.3) Spellcasting
 + Level 16.0(13.8) Transmutations
 - Level 10.8(8.8) Ice Magic
 * Level 5.6(3.9) Earth Magic


You had 7 spell levels left.
You knew the following spells:

 Your Spells              Type           Power        Failure   Level  Hunger
a - Dragon Form           Trmt           ####......   75%         7    #######
b - Ice Form              Ice/Trmt       ###.....     2%          4    #####..
c - Statue Form           Trmt/Erth      ###......    89%         6    #######


Dungeon Overview and Level Annotations

Branches:
Dungeon (15/15)            Temple (1/1) D:5            Lair (8/8) D:9
 Shoals (0/4) Lair:6       Spider (0/4) Lair:6        Slime (0/6) Lair:7
    Orc (0/2) D:9          Vaults (0/5) D:13
 Depths: D:15

Altars:
Ashenzari
Cheibriados
Dithmenos
Elyvilon
Fedhas
Gozag
Kikubaaqudgha
Makhleb
Nemelex Xobeh
Okawaru
Pakellas
Qazlal
Ru
Sif Muna
Trog
Vehumet
Xom
Yredelemnul
Zin
The Shining One
Jiyva

Shops:
D:8 *

Annotations:
D:15 Rupert


Innate Abilities, Weirdness & Mutations

You revert to your normal form in water.
You are very nimble and swift while swimming.
You are missing a hand.
You are hated by all.
Your cowardice makes you less effective in combat with threatening monsters.
You are partially covered in rugged brown scales (AC +1, +3% HP).


Message History

A fire crab comes into view.
Rupert shouts!
You feel a twist of horror at the sight of this foe.
The fire crab breathes flames at you.
The vampire begins to cast a spell, but is stunned by your will!
You are engulfed in roaring flames.
You resist.
* * * LOW HITPOINT WARNING * * *
Rupert begins to attack, but is stunned by your will!
You reel with horror at the sight of these foes!
The vampire mosquito buzzes angrily.
Rupert roars wildly at you.
You suddenly lose the ability to move!
The vampire mosquito bites you!
* * * LOW HITPOINT WARNING * * *
The vampire mosquito bites you.
* * * LOW HITPOINT WARNING * * *
The vampire mosquito is stunned by your will and fails to attack.
The vampire mosquito bites you but does no damage.
The vampire mosquito bites you.
You die...

#....T...######
#.......V.......
##........#......
#................
#.##..#.##..........
.........#...?.......
#.......#..#...........
........#§#............
......#.§§#.@y.......c.
....#§§#.@yZ.........
......§§#.Dy..........
..§.#...Z.........$
#.t..#z.............
...z#......(....!..)
##z..............#
.....##..#......##
.....z.y..######..


You could see Rupert, a four-headed hydra, 3 vampire mosquitoes, 2 wights, a
wolf spider zombie and a centaur skeleton.

Vanquished Creatures
  Gastronok (Lair:3)
  Maud (Lair:4)
  Nessos (Lair:5)
  Josephine (Lair:5)
  2 hydras
  A catoblepas (D:13)
  3 centaur warriors
  2 dancing weapons (D:13)
  The ghost of Duskembrace the Bewitcher, a journeyman SpEn of Gozag (D:12)
  A tengu warrior (D:14)
  5 hill giants
  Pikel (D:6)
  2 griffons
  5 ugly things
  3 cyclopes
  3 elephants (Lair:8)
  5 black mambas
  2 gargoyles
  19 spiny frogs
  3 torpor snails
  A rime drake (Lair:6)
  A redback zombie (D:14)
  12 komodo dragons
  A polar bear (shapeshifter) (D:14)
  A giant leech (Lair:8)
  5 trolls
  2 polar bears
  A jumping spider (shapeshifter) (D:14)
  Grinder (D:5)
  26 blink frogs
  A raiju (shapeshifter) (D:15)
  6 slime creatures
  2 redbacks (Lair:6)
  Sigmund (D:6)
  3 wyverns
  63 yaks
  7 wraiths
  5 basilisks
  A steam dragon (D:10)
  8 hippogriffs
  A golden eye (shapeshifter) (D:14)
  2 hungry ghosts
  8 vampire mosquitoes
  15 wolves
  15 porcupines
  20 water moccasins
  5 orc warriors
  A sky beast (D:7)
  2 black bears
  A necrophage (D:13)
  4 ogres
  A phantom (D:8)
  A wasp (D:10)
  6 centaurs
  14 crocodiles
  A big kobold (D:7)
  Blork the orc (D:5)
  34 giant frogs
  A water moccasin zombie (D:8)
  A wyvern skeleton (D:8)
  9 killer bees
  2 scorpions
  15 wights
  3 howler monkeys
  16 electric eels
  A wasp zombie (D:12)
  7 crimson imps
  4 centaur zombies
  6 hounds
  A giant frog skeleton (D:13)
  2 jellies
  3 centaur skeletons
  9 orc priests
  14 orc wizards
  9 iguanas
  6 worker ants
  17 sheep
  A hound skeleton (D:5)
  14 adders
  44 river rats
  3 shadow imps
  2 adder zombies
  An adder skeleton (D:9)
  4 worms
  2 dart slugs
  9 giant geckos
  57 orcs
  6 giant cockroaches
  6 goblins
  6 hobgoblins
  3 jackals (D:9)
  13 kobolds
  3 quokkas
  A ball python skeleton (D:4)
  15 bats
  6 giant newts
  A jackal skeleton (D:5)
  2 quokka zombies
  12 rats
  3 fungi
  2 plants (Lair:5)
684 creatures vanquished.

Vanquished Creatures (others)
  A blink frog (Lair:8)
  2 yaks
  3 slaves (D:6)
  An orc warrior (D:11)
  A crocodile (D:9)
  2 orcs
  A quokka (D:9)
  24 fungi
  12 plants
47 creatures vanquished.

Grand Total: 731 creatures vanquished

Notes
Turn   | Place    | Note
--------------------------------------------------------------
     0 | D:1      | Arkorax the Merfolk Monk began the quest for the Orb.
     0 | D:1      | Reached XP level 1. HP: 18/18 MP: 1/1
   133 | D:1      | Reached XP level 2. HP: 6/24 MP: 2/2
   575 | D:1      | You fall through a shaft!
   595 | D:2      | Found a burning altar of Makhleb.
   606 | D:2      | Reached skill level 5 in Unarmed Combat
   606 | D:2      | Reached XP level 3. HP: 26/29 MP: 3/3
   662 | D:2      | Found a glowing golden altar of the Shining One.
  1147 | D:2      | Reached XP level 4. HP: 28/37 MP: 4/4
  1507 | D:3      | Reached skill level 5 in Dodging
  1646 | D:3      | Reached XP level 5. HP: 36/42 MP: 5/5
  2388 | D:4      | Found an ancient bone altar of Kikubaaqudgha.
  2422 | D:3      | Reached XP level 6. HP: 13/49 MP: 6/6
  3153 | D:4      | Found a blossoming altar of Fedhas.
  3457 | D:4      | Reached XP level 7. HP: 40/55 MP: 7/7
  3639 | D:4      | Found an opulent altar of Gozag.
  3859 | D:5      | Entered Level 5 of the Dungeon
  3945 | D:5      | Noticed Blork the orc
  3964 | D:5      | Killed Blork the orc
  3964 | D:5      | Reached skill level 5 in Fighting
  4195 | D:5      | Noticed Grinder
  4216 | D:5      | Killed Grinder
  4216 | D:5      | Reached XP level 8. HP: 51/63 MP: 8/8
  4424 | D:5      | Found a staircase to the Ecumenical Temple.
  4433 | Temple   | Entered the Ecumenical Temple
  4464 | Temple   | Became a worshipper of Ru the Awakened
  4486 | D:5      | Gained mutation: You are missing a hand. [Ru sacrifice]
  4486 | D:5      | Reached * piety under Ru
  4486 | D:5      | Reached ** piety under Ru
  4486 | D:5      | Reached *** piety under Ru
  4934 | D:6      | Found an oddly glowing altar of Pakellas.
  4934 | D:6      | Found a stormy altar of Qazlal.
  4968 | D:6      | Noticed Pikel
  4991 | D:6      | Killed Pikel
  5375 | D:6      | Noticed Sigmund
  5385 | D:6      | Killed Sigmund
  5385 | D:6      | Reached XP level 9. HP: 52/71 MP: 9/9
  5765 | D:6      | Found a snail-covered altar of Cheibriados.
  5842 | D:6      | Reached skill level 10 in Unarmed Combat
  5845 | D:6      | Got an ancient falchion {flame}
  7217 | D:8      | Gained mutation: You are hated by all. [Ru sacrifice]
  7217 | D:8      | Reached **** piety under Ru
  7485 | D:8      | Found Zin's Purification Station.
  7488 | D:8      | Found a glowing silver altar of Zin.
  7626 | D:8      | Found a shimmering altar of Xom.
  7627 | D:8      | Found a shimmering altar of Xom.
  7627 | D:8      | Found a shimmering altar of Xom.
  7629 | D:8      | Found a shimmering altar of Xom.
  7629 | D:8      | Found a shimmering altar of Xom.
  8205 | D:9      | Reached XP level 10. HP: 55/80 MP: 10/10
  8336 | D:9      | Reached skill level 10 in Dodging
  8364 | D:9      | Found a staircase to the Lair.
  8625 | D:9      | Identified a scroll of acquirement
  8840 | D:9      | Found a staircase to the Orcish Mines.
  9088 | D:9      | Found a shadowy altar of Dithmenos.
  9376 | D:9      | Found a sacrificial altar of Ru.
  9413 | D:10     | Entered Level 10 of the Dungeon
  9484 | D:10     | Gained mutation: Your cowardice makes you less effective in combat with threatening monsters. [Ru sacrifice]
  9484 | D:10     | Reached ***** piety under Ru
 10871 | D:11     | Reached XP level 11. HP: 89/89 MP: 7/11
 11626 | D:11     | Noticed a cyclops
 11901 | D:11     | Noticed a centaur warrior
 11912 | D:11     | Killed a centaur warrior
 12251 | Lair:1   | Entered Level 1 of the Lair of Beasts
 12376 | Lair:1   | Learned a level 7 spell: Dragon Form
 12524 | Lair:1   | Reached skill level 1 in Transmutations
 13224 | Lair:1   | Reached skill level 10 in Fighting
 13648 | Lair:2   | Found a frozen archway.
 13654 | IceCv    | Entered an ice cave
 14143 | Lair:2   | Reached skill level 5 in Transmutations
 14942 | Lair:3   | Reached XP level 12. HP: 88/98 MP: 6/12
 14966 | Lair:3   | Learned a level 4 spell: Ice Form
 15138 | Lair:3   | Noticed Gastronok
 15269 | Lair:2   | Reached skill level 1 in Ice Magic
 15432 | Lair:3   | Killed Gastronok
 16126 | Lair:4   | Noticed Maud
 16159 | Lair:4   | Killed Maud
 16159 | Lair:4   | Reached skill level 5 in Ice Magic
 16489 | Lair:4   | Reached skill level 15 in Unarmed Combat
 16490 | Lair:4   | Reached skill level 10 in Transmutations
 16598 | Lair:4   | Gained mutation: You are partially covered in rugged brown scales (AC +1, +3% HP). [potion of beneficial mutation]
 17376 | Lair:5   | Noticed Josephine
 17391 | Lair:5   | Killed Josephine
 17497 | Lair:5   | Reached XP level 13. HP: 107/107 MP: 11/13
 17540 | Lair:5   | Noticed Nessos
 17542 | Lair:5   | Killed Nessos
 18493 | Lair:6   | Found a hole to the Spider Nest.
 18630 | Lair:6   | Found a staircase to the Shoals.
 19394 | Lair:7   | Found a viscous altar of Jiyva.
 19420 | Lair:7   | Found a staircase to the Slime Pits.
 20280 | Lair:8   | Entered Level 8 of the Lair of Beasts
 20289 | Lair:8   | Reached skill level 10 in Ice Magic
 20295 | Lair:8   | Reached XP level 14. HP: 102/114 MP: 10/14
 20857 | Lair:8   | Reached skill level 1 in Spellcasting
 21407 | Lair:8   | Reached skill level 15 in Transmutations
 21476 | Lair:8   | Learned a level 6 spell: Statue Form
 22508 | D:11     | Reached skill level 1 in Earth Magic
 22901 | D:12     | Noticed Duskembrace's ghost (journeyman SpEn)
 22909 | D:12     | Killed Duskembrace's ghost
 23963 | D:13     | Found a gate to the Vaults.
 24292 | D:13     | Reached XP level 15. HP: 63/120 MP: 18/21
 25088 | D:14     | Reached skill level 5 in Earth Magic
 25845 | D:15     | Entered Level 15 of the Dungeon
 25854 | D:15     | Found a shimmering altar of Xom.
 25883 | D:15     | Reached skill level 5 in Spellcasting
 25904 | D:15     | Noticed Rupert
 25942 | D:15     | Paralysed by Rupert for 6 turns
 25944 | D:15     | HP: 5/120 [vampire mosquito (3)]
 25945 | D:15     | Slain by a vampire mosquito

Vault maps used:
D:1:      dpeg_arrival_circle_labyrinth_a
D:2:      tso_metal_star, bloody_makhleb
D:3:      first_bread
D:4:      nicolae_overflow_crystal_walls, kiku_gazebo_garden_becter,
          kennysheep_mini_moat
D:5:      lemuel_temple_firewalk, uniq_blork_the_orc, uniq_grinder
D:6:      cheibrodos_worm_habitat, gammafunk_temple_overflow_statue,
          uniq_sigmund, uniq_pikel
D:7:      grunt_ogre_cave, minmay_misc_feat_square, wad_rectangle_vault
D:8:      xom_shifter_show, zin_purify
D:9:      nicolae_dithmenos_through_a_glass_darkly, minmay_lair_entry_grove,
          david_orc_2, nicolae_ru_path_of_blood
D:10:     roderic_roman_lattice
D:13:     erik_vaults_1
D:14:     serial_bayou_shore_b
D:15:     grunt_enter_depths_snipers, basic_altar, hangedman_decor_peaks_small,
          nicolae_twisting_strands, dispersion_dpeg, uniq_rupert
Temple:   eino_wide_crystal_templ_10
Lair:1:   grunt_megastairs_1
Lair:2:   serial_bayou, serial_bayou_ford_a, serial_bayou_pond_c,
          serial_bayou_crossing, serial_bayou_pond_d,
          portal_ice_cave_entry_pillars_03
Lair:3:   uniq_gastronok
Lair:4:   uniq_maud
Lair:5:   beast_lair_carwin_8, uniq_nessos, uniq_josephine
Lair:6:   shoals_dummy_entry, spider_nest_entry_webs
Lair:7:   slime_altar_1, minivault_27, disabler_island,
          infiniplex_staircase_pool, serial_bayou_shore_b
Lair:8:   minmay_lair_end_frog_pond
IceCv:    ice_cave_small_giant

Skill      XL: |  1  2  3  4  5  6  7  8  9 10 11 12 13 14 15 |
---------------+----------------------------------------------+-----
Unarmed Combat | 5 6 7 8 9 11 13 14 15 16 | 16.1
Dodging        | 5 6 7 8 9 11 | 11.8
Fighting       | 4 5 6 8 9 10 | 10.5
Transmutations | 6 10 13 15 16 | 16.0
Ice Magic      | 6 10 | 10.8
Spellcasting   | 4 5 |  5.0
Earth Magic    | 4 5 |  5.6
Stealth        | |  2.1

Action                   |  1- 3 |  4- 6 |  7- 9 | 10-12 | 13-15 || total
-------------------------+-------+-------+-------+-------+-------++-------
Melee: Unarmed           |   106 |   258 |   378 |   802 |   955 ||  2499
 Cast: Ice Form          |       |       |       |     1 |    51 ||    52
Invok: Sacrifice a Hand  |       |       |     1 |       |       ||     1
       Power Leap        |       |       |     1 |    23 |     3 ||    27
       Sacrifice Love    |       |       |     1 |       |       ||     1
       Sacrifice Courage |       |       |       |     1 |       ||     1
       Reject Sacrifices |       |       |       |     2 |       ||     2
       Apocalypse        |       |       |       |       |     2 ||     2
 Abil: Stop Flying       |       |       |       |     1 |       ||     1
Evoke: Wand              |       |       |       |     3 |     1 ||     4
  Use: Scroll            |     2 |     3 |     2 |    21 |    10 ||    38
       Potion            |       |     1 |     4 |     2 |     7 ||    14
 Stab: Sleeping          |     8 |     2 |     5 |    11 |     8 ||    34
       Invisible         |       |       |     4 |    14 |    12 ||    30
       Distracted        |       |       |     3 |     8 |     6 ||    17
       Paralysed         |       |       |       |     3 |     4 ||     7
  Eat: Bread ration      |     1 |     1 |     1 |     4 |     2 ||     9
       Chunk             |       |       |     4 |     9 |     7 ||    20
       Meat ration       |       |       |     1 |     1 |     4 ||     6
       Beef jerky        |       |       |     2 |     1 |       ||     3
